Map: Daybreak LE (Void)

Players

savagesnail - Winner!

  • Race: Terran Terran
  • Spawn Location: 1:00

Musumeci

  • Race: Zerg Zerg
  • League: Diamond
  • Spawn Location: 7:00

VOD

Have the link to the VOD?

Description

Time

  • Played on: Dec. 28, 2016, 2:38 p.m.
  • Length: 19:49
Show
View Real Time Build Order
Export as new Build Order

savagesnail Terran - Winner!

Build Orders: Reaper Expand, MMM Bio 

Get SALT Encoding   

  12  0:02  SCV  
  14  0:14  SCV  
  14  0:18  Supply Depot  
  14  0:26  SCV  
  15  0:39  SCV  
  15  0:41  Barracks  
  16  0:44  Refinery  
  16  0:51  SCV  
  17  1:03  SCV  
  18  1:16  SCV  
  19  1:28  Orbital Command  
  19  1:29  Reaper  
  20  1:48  Command Center  
  20  2:00  Barracks  
  20  2:05  SCV  
  21  2:11  Barracks Reactor  
  21  2:14  Supply Depot  
  21  2:18  SCV  
  21  2:36  Factory  
  21  2:47  Marine  
  21  2:48  Marine  
  21  2:49  SCV  
  23  2:51  Barracks Tech Lab  
  23  3:01  SCV  
  23  3:03  Supply Depot  
  23  3:04  Refinery  
  24  3:09  Marine x2  
  24  3:12  Stimpack  
  26  3:13  SCV  
  26  3:14  Marine  
  28  3:25  SCV  
  28  3:26  Marine x2  
  30  3:32  Marine  
  32  3:35  Orbital Command  
  32  3:42  SCV  
  32  3:45  Starport  
  32  3:48  Factory Reactor  
  33  3:53  Marine x2  
  35  3:56  Marine  
  35  3:59  SCV  
  35  4:02  SCV  
  38  4:11  SCV, Marine x2  
  38  4:14  SCV, Marine  
  43  4:20  Supply Depot  
  43  4:23  SCV  
  44  4:29  SCV, Marine x2  
  47  4:32  Marine  
  47  4:35  Factory Reactor  
  47  4:37  Medivac x2  
  52  4:40  SCV  
  52  4:45  SCV  
  54  4:47  Marine  
  54  4:52  SCV  
  56  4:53  Marine x2  
  56  4:57  SCV  
  56  4:59  Supply Depot  
  59  5:01  Supply Depot  
  59  5:04  Marine  
  60  5:07  SCV  
  60  5:09  SCV  
  62  5:16  Combat Shields  
  62  5:20  Widow Mine x2, SCV, Marine x2  
  69  5:22  Marine  
  69  5:25  Supply Depot  
  69  5:27  Supply Depot  
  70  5:30  SCV  
  70  5:32  SCV  
  70  5:34  Supply Depot  
  72  5:38  Marine x2, Medivac  
  72  5:40  Medivac  
  78  5:47  Marine  
  79  5:50  Widow Mine x2  
  79  5:56  Marine x2  
  84  6:02  SCV x2  
  86  6:08  Command Center  
  86  6:12  Marine  
  86  6:14  SCV x2  
  89  6:18  Refinery x2  
  89  6:22  Engineering Bay  
  89  6:23  Engineering Bay  
  89  6:24  Liberator, Marine x2  
  91  6:26  SCV x2  
  91  6:29  Marine  
  91  6:41  SCV  
  91  6:42  Marine x2  
  95  6:47  Barracks, Marine  
  95  6:48  Barracks  
  95  6:50  Liberator  
  95  6:51  Widow Mine  
  95  6:52  Widow Mine, SCV  
  95  6:54  SCV  
  95  7:02  Marine x2  
  95  7:05  Marine  
  95  7:08  SCV  
  90  7:16  SCV  
  90  7:18  Barracks  
  90  7:20  SCV  
  92  7:25  Marine x3  
  95  7:30  Widow Mine x2  
  95  7:34  Orbital Command  
  95  7:36  Supply Depot  
  99  7:37  Barracks Tech Lab  
  99  7:38  Supply Depot, Barracks Tech Lab  
  99  7:39  Supply Depot  
  99  7:43  Marine  
  100  7:45  Marine  
  100  7:46  Marauder, SCV x2  
  100  7:48  Terran Infantry Armor Level 1, Terran Infantry Weapons Level 1  
  105  7:55  Supply Depot  
  105  7:56  Marine x2  
  107  7:59  Concussive Shells  
  107  8:01  Marine  
  107  8:03  Marine  
  109  8:07  Marauder, Factory Tech Lab  
  111  8:14  Marauder  
  111  8:16  Barracks Tech Lab  
  111  8:17  Marauder  
  111  8:19  Marine  
  113  8:21  Marine  
  114  8:28  Marauder  
  114  8:32  Armory  
  116  8:35  Marine, Siege Tank  
  116  8:36  Marine x2  
  116  8:37  Marine  
  116  8:39  Marine  
  124  8:46  Orbital Command  
  124  8:47  Medivac  
  126  8:49  Marine  
  126  8:53  Marine  
  126  8:54  Marine  
  125  9:03  Marauder, Marine x2  
  125  9:04  SCV x2  
  125  9:08  Marauder  
  133  9:15  SCV  
  133  9:16  Marauder  
  133  9:17  Marauder  
  138  9:18  Siege Tank  
  141  9:24  Marauder  
  141  9:27  Bunker  
  141  9:28  Refinery, Supply Depot  
  141  9:30  Supply Depot  
  143  9:32  Supply Depot  
  143  9:33  SCV x3, Refinery  
  146  9:42  Supply Depot  
  146  9:43  Missile Turret  
  146  9:45  SCV x3  
  149  9:46  Missile Turret  
  149  9:49  Marine  
  149  9:50  Marauder x3  
  156  9:56  Terran Infantry Weapons Level 2, Terran Infantry Armor Level 2  
  156  10:03  SCV x2  
  156  10:04  SCV  
  159  10:11  Marauder x3, Marine x2  
  167  10:15  SCV  
  167  10:18  Marauder  
  132  10:28  Marine  
  132  10:29  Marine  
  132  10:32  Marauder, Terran Ship Weapons Level 1  
  132  10:33  Marauder x2  
  132  10:42  Siege Tank  
  135  10:52  Marauder, Marine x2, Command Center  
  135  10:54  Marauder, Medivac  
  135  10:56  Medivac  
  143  11:09  Marauder x2, Marine  
  143  11:10  Marine  
  149  11:13  Marauder  
  149  11:14  Siege Tank  
  149  11:15  Marauder  
  149  11:17  Sensor Tower  
  156  11:25  Unknown  
  156  11:27  Marine, Medivac x2  
  156  11:30  Marauder x2  
  162  11:35  Marauder  
  156  11:40  Marine  
  156  11:41  Marauder  
  159  11:50  Siege Tank  
  159  11:51  Marauder  
  164  12:01  Marauder x2  
  168  12:06  Barracks  
  168  12:08  Barracks  
  168  12:10  Barracks  
  168  12:11  Marauder, Marine x2  
  168  12:13  Marauder  
  174  12:26  Marauder  
  174  12:27  Marauder, Medivac, Siege Tank  
  174  12:28  Medivac  
  174  12:29  Marine x2  
  187  12:32  Marauder  
  189  12:37  Unknown  
  189  12:41  Marauder  
  191  12:46  Marine  
  191  12:48  Marauder x2  
  196  12:53  Marine  
  196  12:54  Marauder  
  196  12:55  Barracks Tech Lab  
  199  12:59  Starport  
  199  13:03  Marauder  
  198  13:09  Marauder  
  199  13:17  Marauder x2, Siege Tank  
  198  13:35  Marauder, Barracks Tech Lab  
  192  13:49  Marauder x3, Marine  
  192  13:52  Marauder, Siege Tank  
  192  13:53  Terran Ship Weapons Level 2  
  160  13:56  Marauder  
  160  13:57  Planetary Fortress  
  160  14:01  Marauder, Marine  
  157  14:10  Marauder x2  
  161  14:22  Marauder x3, Marine  
  168  14:30  Marauder  
  161  14:31  Refinery  
  161  14:33  Marauder  
  161  14:36  Missile Turret x2, Refinery  
  163  14:43  Marauder x3  
  166  14:52  Medivac x2  
  170  14:54  Starport Tech Lab  
  170  14:55  Starport  
  170  15:06  Bunker  
  170  15:07  Liberator, Terran Infantry Weapons Level 3  
  170  15:08  Terran Infantry Armor Level 3  
  170  15:09  Marauder x2, Marine  
  175  15:22  Medivac x2  
  182  15:34  Liberator  
  182  15:35  Liberator  
  170  15:38  Marauder x5, Marine x2  
  141  15:46  Marauder  
  149  15:58  Siege Tank  
  149  15:59  Marauder  
  149  16:00  Marauder x4, Starport Tech Lab  
  158  16:09  Marauder, Marine  
  150  16:21  Marauder x5  
  150  16:24  Fusion Core  
  160  16:30  Marauder  
  162  16:40  Marine x2  
  162  16:42  Marauder x3, Marine  
  166  17:09  Marauder x4, Marine  
  166  17:10  Marauder  
  175  17:18  Marauder, Marine  
  167  17:31  Marauder x2, Orbital Command  
  171  17:39  Marauder x2  
  171  17:40  Marauder  
  171  17:41  Marauder  
  163  17:52  Marauder  
  151  18:00  Marauder, Marine  
  134  18:12  Marauder x2  
  126  18:18  Refinery  
  126  18:32  Marauder x2  
  126  18:33  Marauder  
  130  18:40  Medivac x2  
  134  18:47  Marauder x2  
  134  18:48  Medivac  
  140  18:52  Orbital Command  
  120  19:05  Marauder, Marine x2  
  120  19:06  Marauder x3  
  120  19:08  Marine  
  131  19:16  Marauder  
  135  19:26  Marauder  
Show
View Real Time Build Order
Export as new Build Order

Musumeci Zerg 

Build Orders: Hatch First 

Get SALT Encoding   

  12  0:01  Drone  
  13  0:09  Drone  
  14  0:14  Extractor  
  14  0:16  Drone  
  15  0:41  Hatchery  
  14  0:44  Extractor  
  14  0:46  Drone  
  15  1:02  Spawning Pool  
  14  1:10  Extractor  
  14  1:11  Drone  
  14  1:14  Drone, Extractor  
  16  1:18  Overlord  
  16  1:37  Drone x2  
  18  1:44  Drone  
  19  1:48  Queen  
  19  1:52  Queen  
  23  1:57  Drone  
  24  2:02  Drone  
  24  2:06  Overlord  
  25  2:09  Drone  
  25  2:14  Drone  
  27  2:22  Drone  
  28  2:24  Queen  
  30  2:31  Queen  
  31  2:48  Drone x6  
  36  3:05  Overlord x2  
  35  3:21  Drone  
  35  3:25  Drone x5  
  41  3:27  Extractor  
  41  3:30  Extractor, Roach Warren  
  38  3:41  Drone  
  38  3:42  Drone x2  
  38  3:45  Hatchery  
  40  3:55  Drone x6  
  46  4:04  Overlord  
  46  4:06  Overlord  
  46  4:15  Roach x2, Evolution Chamber  
  46  4:16  Evolution Chamber  
  48  4:22  Roach x2  
  52  4:42  Lair  
  52  4:43  Roach x2  
  56  4:47  Drone x3, Extractor  
  56  4:49  Drone x2  
  60  4:53  Extractor  
  60  4:55  Drone  
  60  4:57  Drone  
  60  4:59  Drone  
  62  5:19  Zerg Missile Weapons Level 1  
  62  5:37  Roach x3  
  62  5:38  Zerg Ground Armor Level 1  
  62  5:39  Glial Reconstitution  
  62  5:42  Drone x2  
  70  5:43  Drone x4  
  74  5:50  Roach  
  70  5:58  Roach x3  
  73  6:09  Overlord x4  
  73  6:30  Roach x7  
  87  6:35  Drone x4, Spore Crawler  
  87  6:36  Spore Crawler  
  87  6:38  Spore Crawler x2  
  77  7:06  Drone  
  77  7:07  Drone x5  
  74  7:19  Zerg Missile Weapons Level 2  
  74  7:32  Hatchery  
  74  7:37  Roach x4  
  81  7:38  Ravager x2  
  81  7:39  Ravager x7  
  89  8:23  Roach x5  
  89  8:25  Overlord x4  
  99  8:41  Extractor  
  99  8:45  Extractor  
  96  8:52  Roach x8  
  96  8:53  Roach x5  
  119  9:01  Queen  
  119  9:02  Drone  
  122  9:04  Drone x2  
  122  9:06  Drone  
  125  9:12  Ravager  
  125  9:13  Ravager x6  
  125  9:16  Overlord x4  
  132  9:30  Roach  
  132  9:31  Roach x2  
  138  9:34  Overlord x3  
  138  9:39  Zergling x2  
  138  9:40  Zergling x2  
  138  9:43  Drone x4  
  138  9:45  Drone x2  
  145  9:47  Drone  
  145  9:50  Zerg Ground Armor Level 2  
  147  10:09  Roach x5  
  147  10:10  Roach x4  
  142  10:38  Overseer, Ravager  
  142  10:40  Ravager x3  
  146  10:44  Roach x10  
  146  10:45  Roach x5  
  176  11:05  Zergling x2  
  176  11:08  Zergling x2  
  176  11:11  Hatchery  
  177  11:15  Overlord x4  
  177  11:31  Overlord x4  
  163  11:44  Roach  
  163  11:45  Roach x4  
  173  11:58  Spore Crawler  
  173  11:59  Spore Crawler  
  173  12:00  Spine Crawler  
  170  12:01  Drone  
  170  12:02  Spine Crawler  
  170  12:04  Drone  
  171  12:10  Hatchery  
  170  12:22  Ravager x14  
  184  12:23  Ravager  
  183  12:55  Drone x10  
  183  12:56  Drone x2  
  183  13:06  Roach  
  176  13:14  Hatchery  
  176  13:15  Extractor  
  176  13:17  Extractor  
  160  13:51  Roach  
  160  13:52  Roach x8  
  148  14:05  Drone x8  
  156  14:24  Spore Crawler  
  156  14:25  Spine Crawler x2  
  115  14:42  Roach x10  
  115  14:43  Roach  
  121  14:53  Roach x4  
  121  14:57  Ravager  
  121  14:58  Ravager  
  131  15:02  Ravager x8  
  131  15:05  Ravager x5  
  131  15:06  Ravager  
  146  15:07  Ravager x2  
  146  15:09  Ravager x2  
  146  15:10  Ravager  
  146  15:13  Roach  
  152  15:16  Ravager x4  
  156  15:25  Roach  
  156  15:26  Roach x2  
  153  15:39  Roach x6  
  138  15:48  Infestation Pit  
  138  15:49  Roach  
  138  15:50  Roach  
  129  16:07  Ravager x5  
  129  16:08  Roach x5  
  129  16:11  Ravager x7  
  146  16:28  Spore Crawler x2  
  146  16:29  Spore Crawler  
  141  16:45  Spine Crawler  
  140  16:52  Spine Crawler  
  139  16:54  Spine Crawler  
  135  17:31  Roach x3  
  135  17:32  Roach x12  
  98  17:59  Roach  
  98  18:00  Roach x11  
  101  18:07  Roach  
  101  18:08  Roach x2  
  101  18:11  Ravager x5  
  101  18:12  Ravager  
  109  18:21  Ravager x2  
  109  18:22  Ravager x2  
  113  18:29  Ravager x2  
  115  18:36  Ravager x10  
  114  18:50  Roach x8  
  114  19:03  Hatchery  
Tags
 
Composition
MMM Bio
League
Diamond
Matchup
TvZ
Replay Pack
replay pack
Spawn Locations
Cross Positions
Add a new tag
Caveats
  • Supply blocks, unpowered buildings, or Contaminate may cause inaccurate times.
  • Supply counts are checked every 10 seconds.